 Dungeon Crawl Stone Soup version 0.26-a0-652-gafc20e3620 (webtiles) character file.

Game seed: 13883541781139373177

21 P0NYSLAYSTATION the Grave Robber (level 2, -2/23 HPs)
             Began as a Hill Orc Necromancer on Oct 1, 2020.
             Slain by a goblin
             ... wielding a +0 dagger
              (4 damage)
             ... on level 2 of the Dungeon.
             The game lasted 00:03:59 (559 turns).

P0NYSLAYSTATION the Grave Robber (HONe)              Turns: 559, Time: 00:04:00

Health: -2/23      AC:  2    Str: 10    XL:     2   Next: 83%
Magic:  3/4        EV: 12    Int: 15    God:
Gold:   9          SH:  0    Dex: 11    Spells: 2/4 levels left

rFire    . . .     SeeInvis .   c - +0 mace
rCold    . . .     Faith    .   (no shield)
rNeg     . . .     Spirit   .   a - +0 robe
rPois    .         Reflect  .   (no helmet)
rElec    .         Harm     .   (no cloak)
rCorr    .         Rampage  .   (no gloves)
MR       .....                  (no boots)
Stlth    ++........             (no amulet)
HPRegen  0.07/turn              (no ring)
MPRegen  0.09/turn              (no ring)

@: no status effects
A: no striking features
a: no special abilities


You were on level 2 of the Dungeon.
You visited 1 branch of the dungeon, and saw 2 of its levels.

You collected 9 gold pieces.

Inventory:

Hand Weapons
 c - a +0 mace (weapon)
Armour
 a - a +0 robe (worn)
Scrolls
 b - a scroll of teleportation {unknown}
 d - a scroll of fog {unknown}


   Skills:
 * Level 1.1 Fighting
 * Level 0.6 Armour
 + Level 1.7 Dodging
 + Level 1.6 Stealth
 + Level 1.6 Spellcasting
 + Level 4.3 Necromancy


You had 2 spell levels left.
You knew the following spells:

 Your Spells              Type           Power        Failure   Level
a - Pain                  Necr           ##..         3%          1
b - Animate Skeleton      Necr           ##....       3%          1

Your spell library contained the following spells:

 Spells                   Type           Power        Failure   Level
 Vampiric Draining        Necr           ##........   12%         3
 Animate Dead             Necr           ##........   36%         4
 Agony                    Necr           ##......     71%         5


Dungeon Overview and Level Annotations

Branches:
Dungeon (2/15)

Altars:


Message History

You closely miss the giant cockroach. The giant cockroach misses you.
A goblin comes into view. It is wielding a +0 dagger.
The giant cockroach waves its antennae.
The giant cockroach bites you.
* * * LOW HITPOINT WARNING * * *
The goblin shouts!
You hit the giant cockroach.
The giant cockroach is almost dead.
The giant cockroach barely misses you.
A goblin comes into view.
The goblin shouts!
You hit the giant cockroach.
You kill the giant cockroach!
Firing (i - inventory) No suitable missiles.
Press: ? - help, Shift-Dir - straight line, f - goblin
Aim: a goblin, wielding a +0 dagger
Okay, then.
You closely miss the goblin. The goblin closely misses you.
You closely miss the goblin. The goblin hits you with a +0 dagger.
You die...

## $..#
#...######
#......?#
#...@..#
#..†g..#
#........#
.........g#
...#......#
.. #.$.....
. .........
##....^....


You could see 2 goblins.

Vanquished Creatures
  A giant cockroach (D:2)
  3 goblins (D:1)
  2 hobgoblins (D:1)
  2 jackals
  A kobold (D:1)
  5 bats
  A frilled lizard (D:1)
  2 rats (D:1)
17 creatures vanquished.

Vanquished Creatures (collateral kills)
  A hobgoblin (D:1)
  A jackal (D:1)
2 creatures vanquished.

Grand Total: 19 creatures vanquished

Notes
Turn   | Place    | Note
-------+----------+-------------------------------------------
     0 | D:1      | P0NYSLAYSTATION the Hill Orc Necromancer began the quest
                  | for the Orb.
     0 | D:1      | Reached XP level 1. HP: 14/14 MP: 3/3
    42 | D:1      | Learned a level 1 spell: Animate Skeleton
   219 | D:1      | Reached XP level 2. HP: 10/22 MP: 2/4
   510 | D:1      | Reached skill level 1 in Fighting
   559 | D:2      | Slain by a goblin

Illustrated notes

Levels and vault maps discovered:
D:1:      lemuel_arrival_river_ford, layout_rooms
D:2:      layout_rooms, bloody_makhleb, chequers_serial_rivers_micro_b,
          grunt_dithmenos_smoke_and_mirrors

Skill      XL: |  1  2 |
---------------+-------+-----
Fighting       | 1 |  1.1
Armour         | |  0.6
Dodging        | |  1.7
Stealth        | |  1.6
Spellcasting   | |  1.6
Necromancy     | |  4.3

Action                   || total
-------------------------++-------
Melee: Mace              ||    49
 Cast: Pain              ||     9
       Animate Skeleton  ||     7
  Use: Potion            ||     1
Armor: Robe              ||    28
Dodge: Dodged            ||    68

Table legend: (Time is in decaauts)
 A = Elapsed time spent in this place.
 B = Non-inter-level travel time spent in this place.
 C = Inter-level travel time spent in this place.
 D = Time resting spent in this place.
 E = Time spent auto-exploring this place.
 F = Levels seen in this place.
 G = Mean time per level.
                   A        B        C        D        E       F      G
               +--------+--------+--------+--------+--------+-----+--------+
         Total |    580 |    578 |      2 |     84 |    322 |   2 |  290.0 |
       Dungeon |    580 |    578 |      2 |     84 |    322 |   2 |  290.0 |
               +--------+--------+--------+--------+--------+-----+--------+

Top non-repeatable levels by time:
     D:1: 558 daAuts
     D:2: 22 daAuts
